 Dungeon Crawl Stone Soup version 0.27.1-34-g3ba077fa99 (webtiles) character file.

Game seed: 1487775606943642388

656 Labrat the Magician (level 7, -1/51 HPs)
             Began as a Human Hedge Wizard on Jan 8, 2022.
             Succumbed to a hornet's poison
             ... on level 5 of the Dungeon.
             The game lasted 00:42:54 (9238 turns).

Labrat the Magician (Human Hedge Wizard)            Turns: 9238, Time: 00:42:54

Health: -1/51      AC:  4    Str: 10    XL:     7   Next: 85%
Magic:  1/14       EV: 13    Int: 17    God:
Gold:   216        SH:  0    Dex: 12    Spells: 7/15 levels left

rFire    . . .     SeeInvis .   a - +0 dagger
rCold    . . .     Faith    .   (no shield)
rNeg     . . .     Spirit   .   b - +0 robe
rPois    .         Reflect  .   c - +0 hat
rElec    .         Harm     .   (no cloak)
rCorr    +         Rampage  .   (no gloves)
Will     .....                  p - +1 pair of boots
Stlth    ++........             (no amulet)
HPRegen  0.17/turn              l - ring of resist corrosion
MPRegen  0.14/turn              r - ring of wizardry

@: lethally poisoned (-1 -> -13), slowed, very slow
A: no striking features
a: no special abilities


You were on level 5 of the Dungeon.
You visited 1 branch of the dungeon, and saw 5 of its levels.

You collected 216 gold pieces.

Inventory:

Hand Weapons
 a - a +0 dagger (weapon)
 x - a +0 flail of holy wrath
Missiles
 m - 7 poisoned darts
 u - 2 atropa-tipped darts
Armour
 b - a +0 robe (worn)
 c - a +0 hat (worn)
 p - a +1 pair of boots (worn)
Jewellery
 l - a ring of resist corrosion (left hand)
 r - a ring of wizardry (right hand)
Scrolls
 f - a scroll of fear {unknown}
 j - 2 scrolls of teleportation {unknown}
 n - a scroll of identify {unknown}
 v - a scroll of summoning {unknown}
Potions
 d - a potion of curing {unknown}
 e - a potion of brilliance {unknown}
 g - a potion of lignification {unknown}
 h - 4 potions of heal wounds {unknown}
 i - a potion of degeneration {unknown}
 k - 2 potions of invisibility {unknown}
 o - 2 potions of ambrosia {unknown}
 q - a potion of mutation {unknown}
 s - a potion of flight {unknown}
 t - a potion of haste {unknown}
 w - a potion of cancellation {unknown}


   Skills:
 + Level 2.8 Fighting
 + Level 3.8 Dodging
 - Level 2.3 Stealth
 + Level 4.7 Spellcasting
 + Level 3.3 Conjurations
 - Level 2.0 Summonings
 - Level 2.0 Translocations
 + Level 0.0 Air Magic
 - Level 2.0 Poison Magic


You had 7 spell levels left.
You knew the following spells:

 Your Spells              Type           Power      Damage    Failure   Level
a - Magic Dart            Conj           60%        1d6       1%          1
b - Blink                 Tloc           N/A        N/A       4%          2
c - Call Imp              Summ           10%        N/A       4%          2
e - Mephitic Cloud        Conj/Pois/Air  10%        N/A       9%          3

Your spell library contained the following spells:

 Spells                   Type           Power      Damage    Failure   Level
 Slow                     Hex            4%         N/A       9%          2
 Conjure Flame            Conj/Fire      9%         6-21      9%          3
 Confusing Touch          Hex            4%         N/A       17%         3
 Vampiric Draining        Necr           2%         2d6       17%         3
 Iskenderun's Battlesphe  Conj           15%        2d7       38%         5
 Fireball                 Conj/Fire      4%         3d4       58%         5
 Conjure Ball Lightning   Conj/Air       4%         3x3d6     98%         6
 Orb of Destruction       Conj           7%         9d3       100%        7


Dungeon Overview and Level Annotations

Branches:
Dungeon (5/15)
 Temple: D:4-7

Altars:

Shops:
D:4 *

Annotations:
D:5 Eustachio, Pikel


Message History

You blink.
The hornet stings you!
You feel yourself slow down.
Casting: Blink (safe; 4% risk of failure)
Confirm with . or Enter, or press ? or * to list all spells.
You blink.
Casting: Blink (safe; 4% risk of failure)
Confirm with . or Enter, or press ? or * to list all spells.
You blink.
You feel yourself speed up. The hornet barely misses you. x2
The hornet stings you!
You suddenly lose the ability to move!
The hornet stings you!
You feel yourself slow down.
You can move again.
Casting: Blink (safe; 4% risk of failure)
Confirm with . or Enter, or press ? or * to list all spells.
You blink.
Casting: Blink (safe; 4% risk of failure)
Confirm with . or Enter, or press ? or * to list all spells.
You blink.
Casting: Blink (safe; 4% risk of failure)
Confirm with . or Enter, or press ? or * to list all spells.
Aiming: Mephitic Cloud (dangerous; 9% risk of failure)
Press: ? - help, Shift-Dir - straight line, f - hornet
Aim: a hornet (chance to affect: 72%)
The ball explodes into a vile cloud!
The stinking cloud engulfs the hornet but does no damage.
You feel yourself speed up.
The hornet is engulfed in noxious fumes.
The hornet appears confused.
The hornet stings you!
* * * LOW HITPOINT WARNING * * *
You feel yourself slow down.
You feel yourself speed up. The hornet stings you!
* * * LOW HITPOINT WARNING * * *
You are lethally poisoned!
You feel yourself slow down.
Casting: Mephitic Cloud (dangerous; 9% risk of failure)
Confirm with . or Enter, or press ? or * to list all spells.
You blink.
You die...

#########
.(......####
#####.....(#######
#####.#..#.##.y§.#
.##...##.#.##.##.#
.##'####...##.##@####
.#....###..##.......#
.#.....##......).####
.'.....##.#####..#
##.....##...<##..#
##.....##..####..#
####'#.....# #.##
.....#####.####.###
...................


There were no monsters in sight!

Vanquished Creatures
  Sigmund (D:2)
  Edmund (D:4)
  A black bear (D:4)
  A phantom (D:2)
  A lemure (D:4)
  A scorpion (D:4)
  A water moccasin skeleton (D:4)
  Jessica (D:2)
  An orc wizard (D:4)
  A howler monkey skeleton (D:4)
  3 adders
  3 gnolls
  An adder skeleton (D:4)
  4 worms
  3 dart slugs
  6 orcs
  5 endoplasms
  3 giant cockroaches
  7 goblins
  10 hobgoblins
  10 jackals
  2 quokkas (D:1)
  8 ball pythons
  3 bats
  15 kobolds
  A quokka skeleton (D:4)
  2 rats
96 creatures vanquished.

Vanquished Creatures (others)
  9 plants (D:2)
9 creatures vanquished.

Grand Total: 105 creatures vanquished

Notes
Turn   | Place    | Note
-------+----------+-------------------------------------------
     0 | D:1      | Labrat the Human Hedge Wizard began the quest for the Orb.
     0 | D:1      | Reached XP level 1. HP: 13/13 MP: 4/4
   294 | D:1      | Reached XP level 2. HP: 12/19 MP: 0/6
  1134 | D:1      | Reached XP level 3. HP: 24/24 MP: 4/7
  2523 | D:2      | Learned a level 2 spell: Blink
  2526 | D:2      | Learned a level 2 spell: Call Imp
  3006 | D:2      | Reached XP level 4. HP: 30/30 MP: 9/9
  3129 | D:2      | Noticed Sigmund
  3129 | D:2      | You fall into a shaft and drop 1 floor!
  4232 | D:2      | Noticed Jessica
  4250 | D:2      | Killed Jessica
  4660 | D:2      | Killed Sigmund
  4661 | D:2      | Reached skill level 1 in Fighting
  4661 | D:2      | Reached skill level 4 in Spellcasting
  4661 | D:2      | Reached XP level 5. HP: 37/37 MP: 5/11
  4789 | D:3      | Reached XP level 6. HP: 43/43 MP: 6/12
  5349 | D:3      | Found a faded altar of an unknown god.
  5796 | D:4      | Learned a level 3 spell: Mephitic Cloud
  6078 | D:4      | Noticed a black bear
  7031 | D:4      | Killed a black bear
  7032 | D:4      | Reached skill level 1 in Poison Magic
  7032 | D:4      | Reached XP level 7. HP: 35/50 MP: 3/13
  7700 | D:4      | Found Ceh Joop's Assorted Antiques.
  8473 | D:5      | Entered Level 5 of the Dungeon
  8478 | D:5      | Noticed Edmund
  8634 | D:5      | Noticed Pikel
  8635 | D:5      | Noticed Eustachio
  8677 | D:4      | Killed Edmund
  9069 | D:5      | Noticed a water moccasin
  9224 | D:5      | Noticed a hornet
  9229 | D:5      | Paralysed by a hornet for 2 turns
  9237 | D:5      | HP: 2/51 [hornet (9)]
  9238 | D:5      | Succumbed to a hornet's poison

Illustrated notes

Levels and vault maps discovered:
D:1:      minmay_arrival_open_corners, layout_basic, patterned_corridor
D:2:      wad_lake_hut, layout_rooms, uniq_sigmund, uniq_jessica
D:3:      layout_rooms, hellmonk_ecumenical_altar_run_dry
D:4:      layout_basic, serial_shops, nicolae_shop_crystal
D:5:      layout_basic, gammafunk_ghost_nasty_kobolds, uniq_eustachio,
          uniq_pikel, uniq_edmund

Skill      XL: |  1  2  3  4  5  6  7 |
---------------+----------------------+-----
Fighting       | 1 2 |  2.8
Spellcasting   | 4 |  4.7
Conjurations   | 2 3 |  3.3
Summonings     | 2 |  2.0
Dodging        | 3 |  3.8
Translocations | 2 |  2.0
Poison Magic   | 1 2 |  2.0
Stealth        | |  2.3

Action                   |  1- 3 |  4- 6 |  7- 9 || total
-------------------------+-------+-------+-------++-------
Melee: Dagger            |    56 |   123 |    34 ||   213
Throw: Dart              |       |     3 |    15 ||    18
 Cast: Magic Dart        |   134 |   182 |    71 ||   387
       Call Imp          |       |    17 |       ||    17
       Blink             |       |     5 |     7 ||    12
       Mephitic Cloud    |       |     4 |    11 ||    15
 Stab: Sleeping          |       |     2 |     1 ||     3
       Confused          |       |     1 |     2 ||     3
Armor: Robe              |    15 |    33 |     3 ||    51
Dodge: Dodged            |    57 |    99 |    24 ||   180
